 Dungeon Crawl Stone Soup version 0.29.0-10-g45618ea6d2 (console) character file.

Game seed: 16603412765445008351

544 om the Shield-Bearer (level 7, 0/57 HPs)
             Began as a Palentonga Berserker on Sept 1, 2022.
             Was a Believer of Trog.
             Succumbed to a killer bee's poison
             ... on level 5 of the Dungeon.
             The game lasted 00:08:03 (3761 turns).

om the Shield-Bearer (Palentonga Berserker)         Turns: 3761, Time: 00:08:04

Health: 0/57       AC: 17    Str: 22    XL:     7   Next: 6%
Magic:  7/7        EV:  4    Int: 10    God:    Trog [**....]
Gold:   280        SH: 10    Dex: 17    Spells: 6/6 levels left

rFire   . . .      SeeInvis +   o - +0 war axe (vorpal)
rCold   . . .      Faith    .   g - +0 kite shield
rNeg    . . .      Spirit   .   l - +8 plate armour of Ickuzexups {rF- rCorr Int+2}
rPois   .          Reflect  .   (no helmet)
rElec   .          Harm     .   (no cloak)
rCorr   +          Rampage  .   (no gloves)
Will    ++...                   (no barding)
Stlth   ..........              (no amulet)
HPRegen 1.19/turn               m - +6 ring of dexterity
MPRegen 0.10/turn               e - ring of protection from fire

@: lethally poisoned (0 -> 0), strong-willed, on berserk cooldown, regenerating,
slowed, very slow
A: large, rugged brown scales 3, see invisible, deformed body, roll 1, armoured
tail, reflexive curl
a: Rolling Charge, Renounce Religion, Berserk, Trog's Hand


You were on level 5 of the Dungeon.
You worshipped Trog.
Trog was pleased with you.
You visited 1 branch of the dungeon, and saw 6 of its levels.

You collected 280 gold pieces.

Inventory:

Hand Weapons
 a - a +0 hand axe
 o - a +0 vorpal war axe (weapon)
Armour
 b - a +0 animal skin
 g - a +0 kite shield (worn)
 l - the +8 plate armour of Ickuzexups (worn) {rF- rCorr Int+2}
   (You found it on level 5 of the Dungeon)

   Int:       It affects your intelligence (+2).
   rF:        It makes you vulnerable to fire.
   rCorr:     It protects you from acid and corrosion.
Jewellery
 e - a ring of protection from fire (right hand)
 m - a +6 ring of dexterity (left hand)
 s - an amulet of magic regeneration
Scrolls
 c - a scroll of poison
 i - 4 scrolls of teleportation
 q - a scroll of butterflies {unknown}
 r - a scroll of enchant weapon
 u - a scroll of summoning {unknown}
Potions
 d - 3 potions of cancellation
 f - 3 potions of curing
 h - a potion of magic
 j - 2 potions of lignification
 k - a potion of brilliance
 n - a potion of attraction
 p - a potion of haste
 t - 2 potions of mutation


   Skills:
 - Level 4.0 Fighting
 - Level 4.0 Axes
 - Level 3.0 Armour
 - Level 3.0 Dodging
 * Level 4.1 Shields


You had 6 spell levels left.
You didn't know any spells.
Your spell library was empty.

Dungeon Overview and Level Annotations

Branches:
Dungeon (6/15)
 Temple: D:4-7

Altars:
Elyvilon
Makhleb
Vehumet
The Shining One

Shops:
D:3 =


Innate Abilities, Weirdness & Mutations

You are completely covered in rugged brown scales. (AC +3, +7% HP)
You have supernaturally acute eyesight. (SInv)
Armour fits poorly on your strangely shaped body.
You can roll at nearby foes to attack.
You have a long armoured tail.
You curl defensively after being hit. (AC +7*)


Message History

You feel yourself moving faster!
You feel mighty! The killer bee stings you.
* * * LOW HITPOINT WARNING * * *
You are poisoned.
The killer bee poisons you!
The killer bee stings you but does no damage.
You slash the killer bee!
The killer bee is almost dead.
You feel sick.
The killer bee stings you but does no damage. x2
You barely miss the killer bee.
The killer bee is almost dead.
You feel sick. The killer bee stings you.
* * * LOW HITPOINT WARNING * * *
You are lethally poisoned!
The killer bee poisons you! You block the killer bee's attack.
You hit the killer bee.
You kill the killer bee!
Trog accepts your kill.
* * * LOW HITPOINT WARNING * * *
You feel very sick.
Your Shields skill increases to level 4!
You have reached level 7!
You now curl defensively after being hit.
There is a lethal amount of poison in your body!
* * * LOW HITPOINT WARNING * * *
You feel sick.
You see here a killer bee corpse.
You are too berserk!
You are too berserk!
There is a lethal amount of poison in your body!
You feel a strong urge to attack something.
* * * LOW HITPOINT WARNING * * *
You feel sick.
* * * LOW HITPOINT WARNING * * *
You feel sick.
You are too berserk!
You feel your anger nearly subside.
You are no longer berserk.
You are exhausted.
You feel yourself slow down.
You die...

#...# ### ### #...# ..# ##.#
#...#### ..# #..#### ##.....#
..####.....# ###.#.#
....#..###.### ###.#### .##....#
#...### #....##
.####..#####...#########..#
..###...........@.)....##.#######
..............>.######.##.......#
.#.....#######.............####..
####†#.......#....########...÷...
#.##......####.# #####....
#.##.......###.# #.......#
#.########..##.# ##..###### #.#
##....## ###..## # #.#
###...###....# #


There were no monsters in sight!

Vanquished Creatures
  A centaur (D:5)
  A scorpion (D:5)
  3 killer bees (D:5)
  A crimson imp (D:3)
  A hound (D:5)
  An iguana (D:5)
  3 gnolls (D:4)
  8 adders
  A shadow imp (D:5)
  2 worms
  A dart slug (D:5)
  3 orcs
  8 bats
  6 endoplasms
  6 giant cockroaches
  6 goblins
  5 hobgoblins
  A jackal (D:2)
  5 quokkas
  6 ball pythons
  5 frilled lizards
  4 kobolds
  3 rats
81 creatures vanquished.

Vanquished Creatures (others)
  4 plants
4 creatures vanquished.

Grand Total: 85 creatures vanquished

Notes
Turn   | Place    | Note
-------+----------+-------------------------------------------
     0 | D:1      | om the Palentonga Berserker began the quest for the Orb.
     0 | D:1      | Reached XP level 1. HP: 19/19 MP: 1/1
   199 | D:1      | Reached XP level 2. HP: 23/25 MP: 2/2
   427 | D:1      | Reached ** piety under Trog
   712 | D:2      | Reached XP level 3. HP: 31/31 MP: 3/3
   778 | D:2      | Reached skill level 1 in Shields
  1401 | D:3      | Reached XP level 4. HP: 37/37 MP: 4/4
  1498 | D:3      | Identified the +2 robe of Gluttony {rElec}
  1502 | D:3      | Found a white marble altar of Elyvilon.
  1634 | D:3      | Found Fyokyul's Jewellery Boutique.
  1708 | D:3      | Found a glowing golden altar of the Shining One.
  2088 | D:3      | Found a radiant altar of Vehumet.
  2089 | D:3      | Found a burning altar of Makhleb.
  2421 | D:4      | Reached XP level 5. HP: 43/43 MP: 5/5
  3135 | D:5      | Entered Level 5 of the Dungeon
  3316 | D:5      | Identified the +8 plate armour of Ickuzexups {rF- rCorr
                  | Int+2}
  3369 | D:5      | Reached XP level 6. HP: 50/51 MP: 6/6
  3562 | D:5      | Reached *** piety under Trog
  3740 | D:6      | Noticed a sky beast
  3741 | D:6      | Noticed an ice beast
  3756 | D:5      | HP: 3/76 [killer bee (5)]
  3757 | D:5      | HP: 1/76 [poisoned by a killer bee]
  3758 | D:5      | Gained mutation: You curl defensively after being hit. (AC
                  | +7*) [Palentonga growth]
  3758 | D:5      | Reached XP level 7. HP: 2/57 MP: 7/7
  3761 | D:5      | Succumbed to a killer bee's poison

Illustrated notes

Levels and vault maps discovered:
D:1:      saegor_arrival_simple_c, layout_basic, serial_bayou_ford_a
D:2:      minmay_door_path, layout_loops_ring, serial_bayou_pond_a,
          chequers_serial_rivers_small_a, wad_woods_river_04
D:3:      layout_loops_ring, grunt_temple_overflow_lords_of_destruction,
          mainiacjoe_overflow_brackets, old_standard_altar, serial_shops,
          nicolae_shop_crystal, minmay_crystal_water
D:4:      layout_loops_ring
D:5:      layout_rooms
D:6:      layout_cave_pools, grunt_gozag_statues,
          gammafunk_temple_overflow_pools

Skill      XL: |  1  2  3  4  5  6 |
---------------+-------------------+-----
Armour         | 2 3 |  3.0
Shields        | 1 2 4 |  4.1
Dodging        | 2 3 |  3.0
Fighting       | 4 |  4.0
Axes           | 4 |  4.0

Action                   |  1- 3 |  4- 6 |  7- 9 || total
-------------------------+-------+-------+-------++-------
Melee: Hand axe          |    93 |       |       ||    93
       Tailslap          |    11 |    12 |       ||    23
       Punch             |     1 |       |       ||     1
       War axe           |       |   102 |       ||   102
Invok: Berserk           |       |     2 |       ||     2
       Trog's Hand       |       |     1 |       ||     1
 Abil: Rolling Charge    |    19 |    15 |       ||    34
  Use: Scroll            |     4 |    12 |       ||    16
       Potion            |       |     1 |       ||     1
 Stab: Sleeping          |     2 |     1 |       ||     3
Armor: Animal skin       |    37 |    21 |       ||    58
       Plate armour      |       |    48 |       ||    48
Dodge: Dodged            |    46 |    28 |       ||    74
Block: Kite shield       |    14 |    44 |       ||    58
